 Dungeon Crawl Stone Soup version 0.22-a0-247-gbddf880 (webtiles) character file.

29 pokedragonboy the Skirmisher (level 3, -3/29 HPs)
             Began as a Demonspawn Fighter on Feb 27, 2018.
             Slain by an ogre
             ... wielding a +0 giant club
              (11 damage)
             ... on level 2 of the Dungeon.
             The game lasted 00:01:53 (846 turns).

pokedragonboy the Skirmisher (Demonspawn Fighter)    Turns: 846, Time: 00:01:54

Health: -3/29      AC:  6    Str: 17    XL:     3   Next: 1%
Magic:  3/3        EV:  6    Int:  9    God:
Gold:   64         SH:  8    Dex: 12    Spells: 2/2 levels left

rFire    . . .     SeeInvis .   a - +0 war axe
rCold    . . .     Gourm    .   c - +0 shield
rNeg     . . .     Faith    .   b - +0 scale mail
rPois    .         Spirit   .   (no helmet)
rElec    .         Reflect  .   (no cloak)
rCorr    .         Harm     .   (no gloves)
MR       .....                  (no boots)
Stlth    ..........             (no amulet)
HPRegen  0.09/turn              (no ring)
MPRegen  0.08/turn              (no ring)

@: no status effects
A: spiny 1
a: no special abilities


You were on level 2 of the Dungeon.
You were not hungry.

You visited 1 branch of the dungeon, and saw 2 of its levels.

You collected 64 gold pieces.

Inventory:

Hand Weapons
 a - a +0 war axe (weapon)
Armour
 b - a +0 scale mail (worn)
 c - a +0 shield (worn)
Scrolls
 g - a scroll of amnesia
 i - 2 scrolls of remove curse
Potions
 d - a potion of might
Comestibles
 f - 5 rations


   Skills:
 + Level 3.3 Fighting
 * Level 2.6 Axes
 + Level 3.0 Armour
 - Level 2.6 Shields


You had 2 spell levels left.
You didn't know any spells.

Dungeon Overview and Level Annotations

Branches:
Dungeon (2/15)

Altars:
Gozag


Innate Abilities, Weirdness & Mutations

You are partially covered in sharp spines.


Message History

The goblin shouts!
An ogre comes into view. It is wielding a giant club.
The ogre shouts!
You hit the ogre but do no damage. The ogre hits you with a giant club!
Your shield and scale mail prevent you from hitting the ogre.
You block the ogre's attack.
You slash the ogre!
The ogre is moderately wounded.
You block the ogre's attack.
Unknown command.
You hit the ogre.
The ogre is heavily wounded.
The ogre is struck by your spines. The ogre hits you with a giant club!
* * * LOW HITPOINT WARNING * * *
Okay, then.
Okay, then.
Okay, then.
All of the chunks of flesh in your inventory have rotted away.
The ogre hits you with a giant club!
You die...

..............##..# ..#
#.######.####.#.#<##
#.# #...
#.....#...###.###.# ..#
#.#.###..## ##.##.# #
#.#
#.._..##..###.###.#.#
#.#
###.#.##.#......#.#.#
#.#
#.....##....###...รท.#
#.#####.###.....#
#...## #.......#
##.##@###..(# #.g######
#.##.O.....# #..#
###.####g##(.#
#..#######....g....(..#
#............####.##.##
##<#######.### #.##.#
#.# #.# #.##.#
#.#######.# #.##.#
#.........# #.##.#


You could see an ogre and a goblin.

Vanquished Creatures
  An adder (D:2)
  A dart slug (D:1)
  3 hobgoblins (D:1)
  4 jackals (D:1)
  2 bats
  2 goblins (D:1)
  2 kobolds
  3 rats
18 creatures vanquished.

Notes
Turn   | Place    | Note
-------+----------+-------------------------------------------
     0 | D:1      | pokedragonboy the Demonspawn Fighter began the quest for the Orb.
     0 | D:1      | Reached XP level 1. HP: 18/18 MP: 1/1
    40 | D:1      | Gained mutation: You are partially covered in sharp spines. [demonic ancestry]
    40 | D:1      | Reached XP level 2. HP: 14/24 MP: 2/2
   633 | D:2      | Found an opulent altar of Gozag.
   638 | D:2      | Reached XP level 3. HP: 21/29 MP: 3/3
   818 | D:2      | Noticed an ogre
   846 | D:2      | Slain by an ogre

Vault maps used:
D:1:      dpeg_arrival_boxes_within_box
D:2:      nicolae_gozag_cash_rules_everything_around_me, nrook_mini_vaults

Skill      XL: |  1  2 |
---------------+-------+-----
Axes           | 2 |  2.6
Armour         | 3 |  3.0
Fighting       | |  3.3
Shields        | |  2.6

Action                   || total
-------------------------++-------
Melee: War axe           ||    34
  Use: Scroll            ||     4
Armor: Scale mail        ||    21
Dodge: Dodged            ||    15
Block: Shield            ||    27

Table legend:
 A = Spawn XP
 B = Non-spawn XP
 C = Spawn XP percentage of total XP
 D = Spawn monster count
 E = Non-spawn monster count
 F = Spawn count percentage of total count
 G = Total turns spent on level
                    A         B        C        D         E        F      G
               +---------+---------+-------+---------+---------+-------+---------
         Total |       0 |      42 |   0.0 |       0 |      18 |   0.0 |   846
               +---------+---------+-------+---------+---------+-------+---------
           D:1 |       0 |      24 |   0.0 |       0 |      14 |   0.0 |   571
           D:2 |       0 |      18 |   0.0 |       0 |       4 |   0.0 |   275
               +---------+---------+-------+---------+---------+-------+---------
